Map: Eternal Empire LE

Players

Torn

  • Race: Terran Terran
  • League: Diamond
  • Spawn Location: 7:00

CharactR - Winner!

  • Race: Terran Terran
  • League: Diamond
  • Spawn Location: 1:00

VOD

Have the link to the VOD?

Description

Time

  • Played on: May 16, 2020, 2:58 p.m.
  • Length: 13:13
Show
View Real Time Build Order
Export as new Build Order

Torn Terran 

Build Orders:  

Get SALT Encoding   

  12  0:00  SCV  
  13  0:13  SCV  
  14  0:17  Supply Depot  
  14  0:25  SCV  
  14  0:28  Refinery  
  15  0:39  SCV  
  16  0:46  Barracks  
  16  0:51  SCV  
  16  0:56  Refinery  
  17  1:05  SCV  
  18  1:17  SCV  
  19  1:32  Orbital Command  
  19  1:33  Reaper  
  19  1:38  Factory  
  20  1:54  Supply Depot  
  20  2:03  SCV  
  21  2:09  Reaper  
  21  2:18  SCV  
  21  2:22  Hellion  
  24  2:30  SCV  
  25  2:41  Reaper  
  26  2:45  Command Center  
  26  2:50  Hellion  
  28  2:53  SCV  
  29  3:02  Starport  
  29  3:05  SCV  
  30  3:17  Factory Tech Lab  
  30  3:20  SCV  
  30  3:23  Barracks Reactor  
  31  3:36  Supply Depot  
  31  3:48  Barracks, Starport Reactor  
  31  3:52  Barracks  
  31  3:56  SCV, Siege Tank  
  35  4:08  SCV  
  34  4:11  Marine  
  34  4:12  Marine  
  34  4:13  Orbital Command  
  36  4:20  SCV  
  37  4:25  Viking  
  36  4:32  SCV  
  36  4:33  Siege Tank  
  36  4:37  Barracks Tech Lab  
  40  4:39  Barracks Reactor  
  40  4:45  SCV  
  41  4:49  Marine x2  
  41  4:50  SCV  
  44  4:54  Engineering Bay  
  44  4:58  Engineering Bay  
  44  4:59  Stimpack  
  44  5:01  SCV  
  44  5:03  Marine  
  44  5:05  SCV  
  47  5:09  Marine x2  
  47  5:13  SCV  
  50  5:16  Viking  
  52  5:22  SCV, Marine  
  52  5:27  Supply Depot  
  54  5:30  Terran Infantry Weapons Level 1  
  54  5:37  Refinery  
  54  5:38  Refinery  
  54  5:48  Marine x3  
  54  5:49  SCV x2, Marine x2  
  61  5:55  Supply Depot  
  61  5:59  Viking  
  61  6:01  SCV  
  64  6:04  SCV  
  65  6:14  Missile Turret, Marine x5  
  65  6:16  Missile Turret  
  70  6:20  SCV x2  
  72  6:31  Supply Depot  
  72  6:33  Missile Turret  
  69  6:40  Marine x3  
  45  7:03  Marine x5  
  46  7:14  SCV x2  
  45  7:20  Marine  
  45  7:21  Marine x4  
  49  7:26  Siege Tank  
  49  7:29  SCV x2  
  54  7:38  Marine  
  54  7:39  Viking  
  57  7:49  SCV x2  
  57  7:50  Refinery  
  59  7:55  Combat Shield  
  59  8:07  Marine x4  
  59  8:08  Viking, Siege Tank  
  59  8:10  Terran Infantry Armor Level 1  
  68  8:13  Engineering Bay  
  68  8:16  Marine  
  69  8:28  Missile Turret  
  69  8:30  SCV x2, Marine x4  
  69  8:34  Marine  
  76  8:41  Viking x2  
  80  8:42  SCV  
  80  8:46  Siege Tank  
  80  8:48  SCV, Marine  
  86  8:53  Marine  
  86  8:57  Marine x2  
  86  8:59  Marine  
  83  9:18  Medivac x2  
  83  9:19  Command Center  
  83  9:20  Siege Tank  
  90  9:24  Marine x3  
  90  9:28  Marine  
  94  9:33  Marine  
  94  9:34  SCV  
  94  9:35  SCV, Supply Depot  
  97  9:52  Marine x4  
  98  9:57  Viking x2  
  105  10:00  Supply Depot  
  105  10:04  Armory  
  105  10:05  Marine  
  106  10:10  SCV x2  
  91  10:36  Marine x5  
  96  10:54  Marine x2  
  98  10:57  Marine x3  
  98  10:58  Siege Tank  
  104  11:05  Viking x2  
  104  11:06  SCV x2  
  104  11:11  Barracks x2, Orbital Command  
  110  11:12  Marine x2  
  110  11:15  Marine  
  113  11:26  Marine  
  110  11:35  Viking  
  106  11:57  Marine  
  106  11:58  Marine x6  
  106  11:59  Siege Tank  
  106  12:00  Viking  
  118  12:15  Marine  
  77  12:32  Command Center  
  49  12:38  Marine x7  
Show
View Real Time Build Order
Export as new Build Order

CharactR Terran - Winner!

Build Orders: Gas First Reaper Expand 

Get SALT Encoding   

  12  0:00  SCV  
  13  0:13  SCV  
  14  0:17  Supply Depot  
  14  0:25  SCV  
  14  0:28  Refinery  
  15  0:39  SCV  
  16  0:45  Barracks  
  16  0:51  SCV  
  17  1:03  SCV  
  18  1:15  SCV  
  19  1:32  Reaper, Orbital Command  
  20  1:51  Command Center  
  20  2:01  Factory  
  20  2:14  Barracks Reactor  
  20  2:15  SCV  
  21  2:22  Supply Depot  
  21  2:26  Refinery  
  21  2:27  SCV  
  22  2:35  Bunker  
  22  2:39  SCV  
  23  2:47  Starport  
  23  2:51  SCV  
  26  2:58  Hellion  
  26  3:03  SCV  
  29  3:05  Hellion  
  29  3:13  Barracks Tech Lab  
  29  3:16  SCV  
  29  3:18  Orbital Command  
  30  3:24  Hellion  
  32  3:27  Medivac  
  32  3:33  Hellion  
  36  3:43  Stimpack, Marine  
  36  3:45  SCV  
  36  3:46  SCV  
  39  3:56  Supply Depot  
  39  3:57  SCV  
  39  3:58  SCV  
  37  4:03  Marine  
  37  4:04  Starport Reactor  
  37  4:09  Barracks  
  31  4:27  Factory Tech Lab  
  31  4:28  SCV x2  
  32  4:35  Command Center  
  32  4:37  Marine  
  33  4:40  SCV x2  
  35  4:46  Siege Tank  
  35  4:52  SCV x2  
  40  4:56  Medivac  
  40  4:59  Marine x3  
  45  5:04  SCV  
  45  5:06  SCV  
  47  5:15  Medivac  
  47  5:16  SCV, Marine  
  47  5:18  SCV  
  52  5:23  Refinery  
  52  5:25  Marine x2  
  54  5:31  Combat Shield  
  54  5:39  Supply Depot  
  54  5:40  Supply Depot  
  54  5:46  Marine x2  
  54  5:47  SCV x2  
  58  5:55  Marine  
  58  5:56  Viking x2  
  63  5:59  SCV x2  
  63  6:01  Orbital Command  
  65  6:04  Marine  
  66  6:11  SCV x2  
  66  6:13  Barracks, Marine  
  66  6:14  Barracks, Marine  
  66  6:18  Siege Tank  
  73  6:23  SCV, Marine  
  75  6:28  SCV  
  76  6:35  SCV  
  77  6:40  SCV  
  78  6:57  Marauder, Marine x2  
  78  7:02  Barracks  
  74  7:11  Orbital Command  
  74  7:13  Medivac x2  
  74  7:15  Barracks Reactor, Marine x2  
  76  7:16  SCV x2  
  76  7:19  Marauder  
  77  7:26  Barracks Reactor  
  77  7:28  SCV x2  
  77  7:29  Barracks  
  79  7:31  Refinery, Supply Depot x2  
  79  7:32  Marine  
  79  7:33  Marine  
  81  7:38  SCV  
  81  7:39  Marine  
  81  7:40  SCV x2  
  85  7:48  Armory, Engineering Bay  
  85  7:49  Engineering Bay  
  85  7:53  Supply Depot, Viking, SCV x3, Marine x2  
  85  7:54  Supply Depot  
  85  7:57  Marine  
  93  7:58  Barracks Reactor  
  93  7:59  Marine x2  
  93  8:05  SCV x2  
  97  8:15  Marine x2  
  99  8:25  Marauder, Marine x2  
  99  8:26  Orbital Command  
  103  8:27  Marine  
  103  8:28  Marine x2, Siege Tank  
  109  8:42  Marine  
  109  8:46  Marauder  
  112  9:00  Siege Tank  
  115  9:03  Orbital Command  
  115  9:08  Marauder  
  115  9:09  Marine  
  95  9:10  SCV, Marine x7  
  95  9:14  SCV  
  104  9:17  Marine  
  104  9:18  Viking x2, Command Center  
  104  9:23  SCV  
  110  9:26  SCV  
  110  9:27  Marine x2  
  110  9:29  Marauder  
  115  9:32  Marine  
  115  9:33  Marine  
  117  9:40  SCV x2  
  117  9:41  Barracks Reactor, Siege Tank  
  117  9:43  Terran Infantry Armor Level 1, Terran Infantry Weapons Level 1  
  117  9:44  Supply Depot x2  
  112  9:47  Supply Depot  
  112  9:48  Viking x2  
  112  9:50  Marauder  
  112  9:52  SCV  
  119  9:53  SCV x2  
  119  9:55  Refinery  
  119  9:56  Refinery  
  121  10:00  Factory  
  121  10:02  Barracks  
  121  10:03  Marine x3  
  121  10:04  Marine  
  121  10:05  Barracks, Marine  
  121  10:06  Supply Depot  
  124  10:22  Marine x2  
  124  10:23  Siege Tank, Marine  
  124  10:24  Marine x5  
  124  10:25  Marine x3  
  121  10:40  Marine x2  
  121  10:41  Viking  
  125  10:50  SCV x3  
  125  10:55  Siege Tank  
  131  11:02  SCV x2  
  133  11:07  Marine x11  
  133  11:09  Barracks Reactor, Barracks Tech Lab  
  144  11:11  Factory Tech Lab  
  144  11:14  Terran Vehicle Weapons Level 1  
  144  11:18  SCV  
  145  11:21  SCV  
  145  11:24  Marine  
  145  11:25  Marine  
  148  11:27  Planetary Fortress, Siege Tank  
  150  11:37  SCV  
  150  11:38  SCV, Marine  
  150  11:39  Viking, Marine x8  
  162  11:42  Marine  
  162  11:43  Supply Depot  
  148  11:50  SCV x2  
  148  11:51  Marine  
  142  11:56  Marine  
  142  11:57  Marine x2  
  142  12:00  Siege Tank  
  146  12:02  SCV x2  
  146  12:04  Marine x2  
  146  12:06  Missile Turret  
  146  12:08  Missile Turret  
  150  12:15  SCV  
  109  12:32  Siege Tank  
  109  12:33  Marauder, Marine  
  109  12:34  Marine x6  
  116  12:49  Marine x2  
  107  13:00  SCV  
Tags
 
Add a new tag
Caveats
  • Supply blocks, unpowered buildings, or Contaminate may cause inaccurate times.
  • Supply counts are checked every 10 seconds.